 Dungeon Crawl Stone Soup version 0.23-a0-309-ge7838e6 (webtiles) character file.

65 Amnesiac the Sneak (level 3, 14/14 HPs)
             Began as a Felid Earth Elementalist on Oct 11, 2018.
             Was a Follower of Dithmenos.
             Quit the game on level 3 of the Dungeon.
             The game lasted 00:04:54 (2242 turns).

Amnesiac the Sneak (Felid Earth Elementalist)       Turns: 2242, Time: 00:04:55

Health: 14/14      AC:  1    Str:  4    XL:     3   Next: 94%
Magic:  7/7        EV: 18    Int: 17    God:    Dithmenos [*.....]
Gold:   132        SH:  0    Dex: 16    Spells: 0/6 levels left
                                        Lives:  0   Deaths: 1

rFire    . . .     SeeInvis +     - Unarmed
rCold    . . .     Gourm    .   (shield unavailable)
rNeg     . . .     Faith    .   (armour unavailable)
rPois    .         Spirit   .   (helmet unavailable)
rElec    .         Reflect  .   (cloak unavailable)
rCorr    .         Harm     .   (gloves unavailable)
MR       .....                  (boots unavailable)
Stlth    +++.......             (no amulet)
HPRegen  0.04/turn              (no ring)
MPRegen  0.10/turn              (no ring)

@: wreathed by umbra, quick
A: very small, no armour, no weapons or thrown items, stealth, claws 1, fangs 3,
see invisible, carnivore, speed 1, shaggy fur 1, slow metabolism 1, sharp paws
a: Renounce Religion


You were on level 3 of the Dungeon.
You worshipped Dithmenos.
Dithmenos was aware of your devotion.
You were not hungry.

You visited 1 branch of the dungeon, and saw 3 of its levels.

You collected 132 gold pieces.

Inventory:

Missiles
 b - 106 stones
Scrolls
 d - a scroll of magic mapping {!r, unknown}
Potions
 a - 2 potions of mutation {!q, unknown}
 e - 2 potions of haste {!q, unknown}
 f - 2 potions of brilliance {!q}
Comestibles
 c - 7 rations
 j - 11 chunks of flesh


   Skills:
 - Level 2.6 Dodging
 + Level 3.2 Stealth
 * Level 3.1 Unarmed Combat
 - Level 2.0 Spellcasting
 + Level 3.0 Transmutations
 - Level 3.0 Earth Magic


You couldn't memorise any spells.
You knew the following spells:

 Your Spells              Type           Power        Failure   Level  Hunger
a - Sandblast             Erth           ##....       5%          1    #......
b - Passwall              Tmut/Erth      ##......     9%          2    ###....
e - Petrify               Tmut/Erth      ##......     50%         4    #####..

Your spell library contained the following spells:

 Spells                   Type           Power        Failure   Level  Hunger
 Stone Arrow              Conj/Erth      #.....       30%         3    ###....
 Lee's Rapid Deconstruct  Erth           ##........   83%         5    ######.


Dungeon Overview and Level Annotations

Branches:
Dungeon (3/15)

Altars:
Dithmenos
Ru


Innate Abilities, Weirdness & Mutations

You cannot wear armour.
You are incapable of wielding weapons or throwing items.
Your paws allow you to move quietly. (Stealth)
You have sharp claws.
You have razor-sharp teeth.
You have supernaturally acute eyesight. (SInv)
You are carnivorous and can eat meat at any time.
You cover ground quickly.
You are covered in fur. (AC +1)
You have a slow metabolism.
Your sharp claws are effective at attacking unaware monsters.


Message History

The hobgoblin is too close now for your liking.
A hobgoblin is nearby!
A hobgoblin is nearby!
A hobgoblin is nearby!
You pounce on the unaware helpless hobgoblin!
You claw the hobgoblin!
You kill the hobgoblin!
Dithmenos accepts your kill.
No target in view!
No target in view!
No target in view!
No target in view!
f - 2 potions of brilliance {!q} (gained 1)
There is an escape hatch in the ceiling here.
Some of the chunks of flesh in your inventory have rotted away.
You open the door.
There is an open door here.
You open the door.
A worm comes into view.
There is an open door here.
A worm is nearby!
A worm is nearby!
The worm closely misses you.
You completely miss the worm. You scratch the worm.
The worm is lightly wounded.
The worm completely misses you.
You scratch the worm.
The worm is lightly wounded.
The worm bites you.
You scratch the worm.
The worm is lightly wounded.
You completely miss the worm.
The worm is lightly wounded.
The worm barely misses you.
You barely miss the worm.
The worm is lightly wounded.
You scratch the worm.
The worm is moderately wounded.
The worm misses you.
You scratch the worm but do no damage. You bite the worm.
The worm is moderately wounded.
You scratch the worm.
The worm is moderately wounded.
The worm closely misses you.
You scratch the worm but do no damage.
The worm is moderately wounded.
The worm closely misses you.
You barely miss the worm.
The worm is moderately wounded.
You scratch the worm.
The worm is heavily wounded.
The worm bites you!
* * * LOW HITPOINT WARNING * * *
You scratch the worm.
The worm is heavily wounded.
You scratch the worm but do no damage.
The worm is heavily wounded.
The worm bites you!
Ouch! That really hurt!
You die...
You are now level 3!
You rejoin the land of the living...
Are you sure you want to abandon this character and quit the game? (Confirm

#####.#.####)#
#....
#............#
#....
#........#...# #
#....
#........#..## .
####
#รท......##..#
.#
#...........##.#
#########>.....#
#......#
#..@...#
#..........#
#.####.....#
##....# #....#
..#### .## .


There were no monsters in sight!

Vanquished Creatures
  A gnoll (D:1)
  5 adders
  An ooze (D:3)
  2 worms (D:3)
  4 dart slugs
  2 leopard geckos (D:1)
  3 orcs (D:3)
  6 bats
  A giant cockroach (D:3)
  8 goblins
  5 hobgoblins
  2 jackals (D:3)
  5 ball pythons
  6 frilled lizards
  A kobold (D:2)
  A quokka skeleton (D:3)
  7 rats
60 creatures vanquished.

Notes
Turn   | Place    | Note
-------+----------+-------------------------------------------
     0 | D:1      | Amnesiac the Felid Earth Elementalist began the quest for
                  | the Orb.
     0 | D:1      | Reached XP level 1. HP: 7/7 MP: 4/4
    96 | D:1      | Reached XP level 2. HP: 9/11 MP: 4/6
   100 | D:1      | Learned a level 2 spell: Passwall
   300 | D:2      | Reached skill level 1 in Unarmed Combat
   310 | D:2      | Found a shadowy altar of Dithmenos.
   344 | D:2      | Became a worshipper of Dithmenos the Shadowed
   407 | D:1      | Reached XP level 3. HP: 9/14 MP: 3/7
  1103 | D:2      | Found a faded altar of an unknown god.
  1224 | D:2      | Reached XP level 4. HP: 14/18 MP: 6/8
  1231 | D:2      | Learned a level 4 spell: Petrify
  1356 | D:2      | Reached * piety under Dithmenos
  1438 | D:2      | Found a sacrificial altar of Ru.
  2241 | D:3      | Slain by a worm
  2242 | D:3      | Reached XP level 3. HP: -4/14 MP: 7/7
  2242 | D:3      | Quit the game

Vault maps used:
D:1:      minmay_arrival_doors
D:2:      nicolae_overflow_crystal_walls, chequers_ecumenical_altar_island,
          grunt_dithmenos_smoke_and_mirrors
D:3:      uniq_crazy_yiuf_cottage

Skill      XL: |  1  2  3  4 |
---------------+-------------+-----
Stealth        | 3 |  3.2
Earth Magic    | 3 |  3.0
Unarmed Combat | 1 2 3 |  3.1
Transmutations | 2 3 |  3.0
Dodging        | |  2.6
Spellcasting   | |  2.0

Action                   |  1- 3 |  4- 6 || total
-------------------------+-------+-------++-------
Melee: Unarmed           |    85 |    79 ||   164
       Bite              |     9 |     7 ||    16
       Punch             |     1 |       ||     1
 Cast: Sandblast         |    13 |    17 ||    30
       Passwall          |     1 |       ||     1
  Use: Scroll            |       |     5 ||     5
 Stab: Sleeping          |     6 |    10 ||    16
  Eat: Chunk             |     8 |     2 ||    10
Armor: Skin              |     8 |     1 ||     9
Dodge: Dodged            |    88 |    69 ||   157

Table legend:
 A = Non-vault XP
 B = Vault XP
 C = Vault XP percentage of total XP
 D = Non-vault monster count
 E = Vault monster count
 F = Vault count percentage of total count
                 A         B        C        D         E       F
            +---------+---------+-------+---------+---------+-------
      Total |     192 |       0 |   0.0 |      60 |       0 |   0.0
            +---------+---------+-------+---------+---------+-------
        D:1 |      56 |       0 |   0.0 |      23 |       0 |   0.0
        D:2 |      63 |       0 |   0.0 |      16 |       0 |   0.0
        D:3 |      73 |       0 |   0.0 |      21 |       0 |   0.0
            +---------+---------+-------+---------+---------+-------
